 Dungeon Crawl Stone Soup version 0.20.1-1-g8b1a95d (console) character file.

7703 vuolankoinen the Blocker (level 11, -10/70 HPs)
             Began as an Octopode Conjurer on Nov 21, 2017.
             Was a Priest of Vehumet.
             Mangled by a freezing wraith (14 damage)
             ... on level 12 of the Dungeon.
             The game lasted 00:55:12 (13496 turns).

vuolankoinen the Blocker (Octopode Conjurer)       Turns: 13496, Time: 00:55:13

Health: -10/70     AC:  1    Str: 11    XL:     11   Next: 19%
Magic:  15/17      EV: 14    Int: 22    God:    Vehumet [***...]
Gold:   548        SH:  7    Dex: 16    Spells: 0/18 levels left

rFire    . . .     SeeInvis +   a - +0 dagger (chaos)
rCold    . . .     Gourm    .   N - +0 buckler
rNeg     . . .     Faith    .   (helmet restricted)
rPois    .         Spirit   .   y - amulet of rage
rElec    .         Reflect  .   v - ring of see invisible
rCorr    .         Harm     .   s - ring "Paotzului" {+Fly Str+4 Dex+4 Slay+2}
MR       .....                  (no ring)
Stlth    +++++.....             (no ring)
Regen    0.3/turn               (no ring)
MPRegen  0.2/turn               (no ring)
                                (no ring)
                                (no ring)

@: slowed, very slow
A: almost no armour, stealthy swim, amphibious, 8 rings, constrict 8, camouflage
1, gelatinous body 1
a: Renounce Religion, Evoke Berserk Rage, Evoke Flight


You were on level 12 of the Dungeon.
You worshipped Vehumet.
Vehumet was most pleased with you.
You were not hungry.

You visited 2 branches of the dungeon, and saw 13 of its levels.

You collected 548 gold pieces.

Inventory:

Hand Weapons
 a - a +0 dagger of chaos (weapon)
 b - a +0 dagger of venom
 E - a +0 falchion
 P - a +0 blowgun
 Q - a +0 dagger of distortion
 V - a cursed +1 short sword of freezing
 W - a +0 short sword
 X - a +5 dagger
 Z - a cursed +3 scimitar
Missiles
 R - 5 curare-tipped needles
Armour
 B - a +2 large shield
 N - a +0 buckler (worn)
Magical Staves
 t - an uncursed staff of summoning
 U - an uncursed staff of conjuration {unknown}
Jewellery
 s - the ring "Paotzului" (right tentacle) {+Fly Str+4 Dex+4 Slay+2}
   (You found it on level 9 of the Dungeon)

   [ring of flight]

   It affects your strength (+4).
   It affects your dexterity (+4).
   It affects your accuracy and damage with ranged weapons and melee attacks
   (+2).
   It lets you fly.
 v - a ring of see invisible (left tentacle)
 y - an amulet of rage (around mantle)
Wands
 e - a wand of flame (13/48)
 o - a wand of iceblast (7/15)
 p - a wand of flame (40/48)
 q - a wand of digging (8/24)
 w - a wand of digging (9/24)
 H - a wand of digging (18/24)
Scrolls
 c - a scroll of blinking
 f - 4 scrolls of teleportation
 i - 6 scrolls of remove curse
 j - a scroll of random uselessness {unknown}
 k - 4 scrolls of amnesia
 l - 2 scrolls of fear
 r - 4 scrolls of recharging
 z - a scroll of noise {unknown}
 G - a scroll of magic mapping
 M - a scroll of identify
 T - a scroll of enchant weapon {unknown}
Potions
 h - 2 potions of agility
 m - 4 potions of might
 n - a potion of curing
 u - 2 potions of mutation
 x - 2 potions of resistance
 A - a potion of brilliance
 I - a potion of heal wounds
 J - a potion of berserk rage
 K - a potion of lignification
 O - a potion of flight
 S - 2 potions of ambrosia
Books
 d - a book of Minor Magic

   Spells                             Type                      Level
   a - Magic Dart                     Conjuration                  1
   b - Blink                          Translocation                2
   c - Call Imp                       Summoning                    2
   d - Slow                           Hexes                        2
   e - Conjure Flame                  Conjuration/Fire             3
   f - Mephitic Cloud                 Conjuration/Poison/Air       3
 g - a book of Conjurations

   Spells                             Type                      Level
   a - Magic Dart                     Conjuration                  1
   b - Searing Ray                    Conjuration                  2
   c - Dazzling Spray                 Conjuration/Hexes            3
   d - Fulminant Prism                Conjuration/Hexes            4
   e - Force Lance                    Conjuration/Translocation    4
   f - Iskenderun's Mystic Blast      Conjuration                  4
 F - a book of Maledictions

   Spells                             Type                      Level
   a - Corona                         Hexes                        1
   b - Ensorcelled Hibernation        Hexes/Ice                    2
   c - Confuse                        Hexes                        3
   d - Tukima's Dance                 Hexes                        3
   e - Dazzling Spray                 Conjuration/Hexes            3
Comestibles
 C - 7 bread rations
 D - 8 fruits
 L - 10 royal jellies
 Y - a chunk of flesh


   Skills:
 + Level 4.6 Fighting
 + Level 5.4 Short Blades
 - Level 2.8 Dodging
 + Level 9.8 Stealth
 * Level 11.6 Shields
 + Level 4.2 Spellcasting
 + Level 5.6 Conjurations
 + Level 1.1 Hexes
 + Level 2.7 Translocations
 - Level 0.4 Air Magic
 - Level 0.2 Poison Magic


You couldn't memorise any spells.
You knew the following spells:

 Your Spells              Type           Power        Failure   Level  Hunger
a - Magic Dart            Conj           ####         1%          1    None
b - Searing Ray           Conj           ####..       1%          2    #......
c - Mephitic Cloud        Conj/Pois/Air  ##......     4%          3    ##.....
d - Ensorcelled Hibernat  Hex/Ice        #.....       13%         2    #......
e - Flame Tongue          Conj/Fire      ###..        1%          1    None
f - Blink                 Tloc           N/A          5%          2    #......
g - Fulminant Prism       Conj/Hex       ###.......   7%          4    ####...
h - Stone Arrow           Conj/Erth      ###...       3%          3    ##.....


Dungeon Overview and Level Annotations

Branches:
Dungeon (12/15)            Temple (1/1) D:6            Lair (0/6) D:8
    Orc: D:9-12

Altars:
Ashenzari
Cheibriados
Dithmenos
Elyvilon
Fedhas
Gozag
Hepliaklqana
Kikubaaqudgha
Makhleb
Nemelex Xobeh
Okawaru
Qazlal
Ru
Sif Muna
Trog
Uskayaw
Vehumet
Xom
Yredelemnul
Zin
The Shining One

Shops:
D:4 %   D:10 *

Annotations:
D:7 exclusions: ice beast and necrophage
D:9 bees
D:11 exclusion: ice statue, Erica; plantmann's ghost, journeyman GrBe


Innate Abilities, Weirdness & Mutations

You cannot wear most types of armour.
You are very stealthy in the water. (Stealth+)
You are amphibious.
You can wear up to eight rings at the same time.
You can use your tentacles to constrict eight enemies at once.
Your skin changes colour to match your surroundings (Stealth+).
Your rubbery body absorbs attacks. (AC +1, EV +1)


Message History

You hit the freezing wraith.
Your squeeze misses the freezing wraith.
The freezing wraith is moderately damaged.
The freezing wraith hits you but does no damage.
The freezing wraith barely misses you.
Casting: Searing Ray
Confirm with . or Enter, or press ? or * to list all spells.
Aiming: Searing Ray
Press: ? - help, Shift-Dir - straight line, f - freezing wraith
Aim: a freezing wraith (moderately damaged, slightly transparent)
The searing ray hits the freezing wraith.
The freezing wraith is moderately damaged. (Press . to maintain the ray.)
The freezing wraith hits you! The freezing wraith freezes you!
* * * LOW HITPOINT WARNING * * *
The freezing wraith closely misses you. The freezing wraith hits you!
* * * LOW HITPOINT WARNING * * *
The freezing wraith freezes you!
You die...

#....# #.#### #.##
...# ###
##.######## ##.##
#........####...##
##.######.........#
...#
######...#####.#
..## #.....@W.....#
..#######
#.###.#####..#
......... # #.#
..####### #.# ###
... #### ... .....
##s ##### #. #


You could see a freezing wraith (invisible) and a scorpion (sleeping).

Vanquished Creatures
  Sonja (D:10)
  Psyche (D:11)
  A troll (D:12)
  A hippogriff (D:12)
  A wyvern (D:9)
  11 yaks
  Grum (D:9)
  2 porcupines (D:8)
  An orc warrior (D:8)
  A sky beast (D:9)
  A hornet zombie (D:9)
  A phantom (D:5)
  An eye of draining (D:8)
  5 ogres
  An ice beast (D:12)
  4 wolves (D:9)
  7 centaurs
  8 bullfrogs
  3 scorpions
  10 killer bees (D:9)
  6 wights (D:12)
  4 howler monkeys
  2 crimson imps
  7 jellies
  A centaur skeleton (D:7)
  2 orc priests
  4 hounds
  7 orc wizards
  3 iguanas
  Ijyb (D:3)
  A worker ant (D:7)
  A hound zombie (D:9)
  A hound skeleton (D:7)
  A howler monkey skeleton (D:7)
  3 gnolls (D:4)
  9 adders
  A shadow imp (D:8)
  6 oozes
  4 adder zombies
  2 worms
  8 leopard geckos
  21 orcs
  5 bats
  5 giant cockroaches
  6 goblins
  9 hobgoblins
  8 jackals
  5 quokkas
  2 ball pythons
  3 frilled lizards
  7 kobolds
  A quokka skeleton (D:7)
  7 rats
215 creatures vanquished.

Vanquished Creatures (others)
  A gnoll (D:4)
  3 fungi (D:8)
  3 plants (D:8)
7 creatures vanquished.

Grand Total: 222 creatures vanquished

Notes
Turn   | Place    | Note
-------+----------+-------------------------------------------
     0 | D:1      | vuolankoinen the Octopode Conjurer began the quest for the Orb.
     0 | D:1      | Reached XP level 1. HP: 11/11 MP: 3/3
   408 | D:1      | Reached XP level 2. HP: 15/17 MP: 5/5
  1345 | D:2      | Reached XP level 3. HP: 18/22 MP: 6/6
  1378 | D:2      | Reached skill level 1 in Fighting
  1383 | D:2      | Learned a level 2 spell: Searing Ray
  1808 | D:2      | Reached XP level 4. HP: 16/28 MP: 7/7
  1861 | D:2      | HP: 2/42 [poisoned by an adder]
  2295 | D:3      | Learned a level 3 spell: Mephitic Cloud
  2472 | D:3      | Reached skill level 1 in Short Blades
  2518 | D:3      | Found a stormy altar of Qazlal.
  2564 | D:3      | Noticed Ijyb
  2589 | D:3      | Killed Ijyb
  2589 | D:3      | Reached XP level 5. HP: 19/34 MP: 4/8
  3030 | D:4      | Found Deneboeh's Food Boutique.
  3102 | D:4      | Found an opulent altar of Gozag.
  3397 | D:4      | Found a burning altar of Makhleb.
  3397 | D:4      | Found a blossoming altar of Fedhas.
  3515 | D:5      | Entered Level 5 of the Dungeon
  3550 | D:5      | Noticed a necrophage
  3675 | D:5      | Reached XP level 6. HP: 39/39 MP: 5/10
  3875 | D:5      | Reached skill level 5 in Stealth
  3918 | D:5      | Noticed a phantom
  4608 | D:6      | Reached XP level 7. HP: 7/45 MP: 11/11
  5028 | D:6      | Reached skill level 1 in Shields
  5037 | D:6      | Found a staircase to the Ecumenical Temple.
  5044 | Temple   | Entered the Ecumenical Temple
  5237 | Temple   | Became a worshipper of Vehumet
  5344 | D:6      | Reached skill level 2 in Shields
  5644 | D:6      | Reached skill level 3 in Shields
  5647 | D:6      | Reached skill level 4 in Shields
  6437 | D:7      | Reached skill level 5 in Shields
  6437 | D:7      | Reached XP level 8. HP: 44/51 MP: 12/12
  6641 | D:7      | Learned a level 2 spell: Ensorcelled Hibernation
  6675 | D:7      | Reached skill level 6 in Shields
  6926 | D:8      | Reached * piety under Vehumet
  6926 | D:8      | Offered knowledge of Sandblast by Vehumet.
  6942 | D:8      | Reached skill level 7 in Shields
  7136 | D:7      | Found a radiant altar of Vehumet.
  7323 | D:8      | Noticed a yak
  7325 | D:8      | Reached skill level 8 in Shields
  7669 | D:7      | Reached XP level 9. HP: 55/55 MP: 13/13
  7997 | D:5      | Reached skill level 9 in Shields
  9020 | D:8      | Found a staircase to the Lair.
  9102 | D:8      | Reached skill level 10 in Shields
  9110 | D:8      | Offered knowledge of Flame Tongue by Vehumet.
  9113 | D:8      | Learned a level 1 spell: Flame Tongue
  9257 | D:9      | Reached ** piety under Vehumet
  9573 | D:9      | Noticed Grum
  9836 | D:9      | Learned a level 2 spell: Blink
 10172 | D:9      | Reached skill level 5 in Conjurations
 10260 | D:9      | Reached skill level 1 in Translocations
 10260 | D:9      | Reached XP level 10. HP: 63/63 MP: 11/14
 10556 | D:9      | Reached skill level 11 in Shields
 10586 | D:9      | Killed Grum
 10767 | D:9      | Got a heavily runed steel ring
 10768 | D:9      | Identified the ring "Paotzului" {+Fly Str+4 Dex+4 Slay+2} (You found it on level 9 of the Dungeon)
 10928 | D:9      | Offered knowledge of Throw Frost by Vehumet.
 11417 | D:10     | Entered Level 10 of the Dungeon
 11465 | D:9      | Reached *** piety under Vehumet
 11936 | D:10     | Noticed Sonja
 11953 | D:10     | Killed Sonja
 12058 | D:10     | Found Huka's Assorted Antiques.
 12231 | D:10     | Reached skill level 5 in Short Blades
 12619 | D:11     | Learned a level 4 spell: Fulminant Prism
 12634 | D:11     | Noticed Erica
 12823 | D:11     | Noticed Psyche
 12847 | D:11     | Killed Psyche
 12847 | D:11     | Reached skill level 1 in Hexes
 12847 | D:11     | Reached XP level 11. HP: 56/70 MP: 7/17
 13023 | D:11     | Noticed plantmann's ghost (journeyman GrBe)
 13152 | D:12     | Offered knowledge of Stone Arrow by Vehumet.
 13157 | D:12     | Learned a level 3 spell: Stone Arrow
 13496 | D:12     | Mangled by a freezing wraith

Skill      XL: |  1  2  3  4  5  6  7  8  9 10 |
---------------+-------------------------------+-----
Fighting       | 1 2 3 4 |  4.6
Stealth        | 3 4 5 6 9 |  9.8
Short Blades   | 1 2 3 5 |  5.4
Shields        | 5 8 10 11 | 11.6
Conjurations   | 5 |  5.6
Translocations | 1 2 |  2.7
Spellcasting   | 4 |  4.2
Hexes          | 1 |  1.1
Dodging        | |  2.8
Air Magic      | |  0.4
Poison Magic   | |  0.2

Action                   |  1- 3 |  4- 6 |  7- 9 | 10-12 || total
-------------------------+-------+-------+-------+-------++-------
Melee: Unarmed           |     6 |       |       |       ||     6
       Constrict         |    19 |    25 |    40 |    28 ||   112
       Short sword       |    64 |   101 |       |       ||   165
       Tentacles         |    13 |    16 |    41 |    36 ||   106
       War axe           |       |    27 |    39 |       ||    66
       Falchion          |       |       |    63 |       ||    63
       Dagger            |       |       |   184 |   192 ||   376
 Cast: Magic Dart        |    16 |     9 |     4 |    22 ||    51
       Searing Ray       |     1 |     5 |     3 |     8 ||    17
       Mephitic Cloud    |       |     6 |     1 |    12 ||    19
       Blink             |       |       |       |     5 ||     5
 Abil: Evoke Berserk Rag |       |     1 |       |       ||     1
Evoke: Wand              |       |     1 |    11 |       ||    12
  Use: Potion            |       |     1 |     2 |       ||     3
       Scroll            |       |       |    18 |     3 ||    21
 Stab: Sleeping          |     7 |     8 |    13 |    11 ||    39
       Confused          |       |     4 |     1 |     7 ||    12
       Distracted        |       |     2 |       |     1 ||     3
  Eat: Chunk             |     3 |     9 |    16 |    11 ||    39
       Meat ration       |       |       |     1 |       ||     1
Armor: Skin              |     3 |     1 |     9 |     4 ||    17
Dodge: Dodged            |    46 |    68 |    81 |    65 ||   260
Block: Large shield      |       |    10 |   160 |       ||   170
       Buckler           |       |       |     5 |    41 ||    46
       Rpst.: Falchion   |       |       |     6 |       ||     6
